 Seeded DCSS version 0.29.1-15-g9cfb28693d (webtiles) character file.

Game seed: 6279725465790686602 (custom seed)

4753 Psyclone the Thaumaturge (level 10, 58/67 HPs)
             Began as a Deep Elf Conjurer on Sept 24, 2023.
             Quit the game on level 7 of the Dungeon.
             The game lasted 00:30:23 (8143 turns).

Psyclone the Thaumaturge (Deep Elf Conjurer)        Turns: 8143, Time: 00:30:24

Health: 58/67      AC:  6    Str:  4    XL:     10   Next: 23%
Magic:  13/26      EV: 16    Int: 34    God:
Gold:   386        SH:  0    Dex: 13    Spells: 18/29 levels left

rFire   + . .      SeeInvis .   a - +3 dagger (elec)
rCold   + . .      Faith    .   (no shield)
rNeg    . . .      Spirit   .   D - +1 robe {rC+ rF+}
rPois   .          Reflect  .   p - +1 hat
rElec   .          Harm     .   (no cloak)
rCorr   .          Rampage  .   f - +1 pair of gloves
Will    +....                   (no boots)
Stlth   +++.......              y - amulet of regeneration
HPRegen 1.01/turn               n - +6 ring of intelligence
MPRegen 0.20/turn               (no ring)

@: no status effects
A: horns 1, robust 1
a: no special abilities


You were on level 7 of the Dungeon.
You visited 2 branches of the dungeon, and saw 8 of its levels.

You collected 386 gold pieces.

Inventory:

Hand Weapons
 a - a +3 dagger of electrocution (weapon)
Missiles
 x - a throwing net {!f}
Armour
 c - a +0 robe
 f - a +1 pair of gloves (worn)
 o - a +2 helmet
 p - a +1 hat (worn)
 B - a +0 buckler
 D - a +1 robe of resistance (worn)
 E - +0 steam dragon scales
Magical Staves
 e - a staff of air
 s - a staff of poison
Jewellery
 n - a +6 ring of intelligence (left hand)
 t - a ring of fire
 y - an amulet of regeneration (around neck)
Wands
 r - a wand of paralysis (15)
 C - a wand of iceblast (7)
 F - a wand of flame (22)
Scrolls
 d - 3 scrolls of identify {@r1}
 i - 2 scrolls of silence {!r}
 l - 2 scrolls of noise
 v - 4 scrolls of teleportation
 w - 2 scrolls of vulnerability
 A - a scroll of fear
 G - a scroll of enchant weapon
 H - a scroll of amnesia {unknown}
Potions
 b - 2 potions of magic
 g - 3 potions of might
 h - 3 potions of curing {unknown}
 j - 3 potions of heal wounds {unknown}
 k - 2 potions of invisibility {unknown}
 m - 2 potions of degeneration
 q - a potion of attraction
 u - a potion of flight
 z - a potion of brilliance


   Skills:
 - Level 6.5 Fighting
 - Level 9.2 Staves
 + Level 9.2 Dodging
 + Level 6.7 Stealth
 + Level 10.2 Spellcasting
 + Level 9.3 Conjurations


You had 18 spell levels left.
You knew the following spells:

 Your Spells              Type           Power      Damage    Failure   Level
a - Magic Dart            Conj           100%       1d8       1%          1
b - Searing Ray           Conj           100%       2d8       1%          2
d - Fulminant Prism       Conj/Hex       24%        3d13      3%          4
e - Iskenderun's Mystic   Conj/Tloc      48%        2d11      3%          4

Your spell library contained the following spells:

 Spells                   Type           Power      Damage    Failure   Level
 Dazzling Flash           Conj/Hex       96%        N/A       1%          3
 Animate Dead             Necr           17%        N/A       26%         4
 Borgnjor's Vile Clutch   Necr/Erth      8%         N/A       58%         5
 Death Channel            Necr           8%         N/A       99%         6


Dungeon Overview and Level Annotations

Branches:
Dungeon (7/15) Zot: 26030  Temple (1/1) D:4 Zot: 5941

Altars:
Dithmenos
Elyvilon
Fedhas
Gozag
Hepliaklqana
Kikubaaqudgha
Makhleb
Nemelex Xobeh
Okawaru
Qazlal
Ru
Sif Muna
Trog
Vehumet
Wu Jian
Xom
Yredelemnul
Zin
The Shining One

Shops:
D:1 [   D:3 *


Innate Abilities, Weirdness & Mutations

You have a pair of small horns on your head.
You are robust. (+10% HP)


Message History

Confirm with . or Enter, or press ? or * to list all spells.
You can't see any susceptible monsters within range! (Use Z to cast anyway.) Unknown command.
Casting: Magic Dart (safe; 1% risk of failure)
Confirm with . or Enter, or press ? or * to list all spells.
You can't see any susceptible monsters within range! (Use Z to cast anyway.) Unknown command.
Casting: Magic Dart (safe; 1% risk of failure)
Confirm with . or Enter, or press ? or * to list all spells.
You can't see any susceptible monsters within range! (Use Z to cast anyway.)
Casting: Magic Dart (safe; 1% risk of failure)
Confirm with . or Enter, or press ? or * to list all spells.
Aiming: Searing Ray (safe; 1% risk of failure)
Press: ? - help, Shift-Dir - straight line The searing ray hits something. (Press . to maintain the ray.)
You now have 20/26 mp.
Something hits you but does no damage.
You now have 19/26 mp.
Something hits you. Something shocks you.
You take 7 damage, and have 60/67 hp.
You now have 18/26 mp.
You finish channelling your searing ray.
Something hits you but does no damage.
You now have 17/26 mp.
Casting: Searing Ray (safe; 1% risk of failure)
Confirm with . or Enter, or press ? or * to list all spells.
Aiming: Searing Ray (safe; 1% risk of failure)
Press: ? - help, Shift-Dir - straight line The searing ray hits something! (Press . to maintain the ray.)
Something hits you. Something shocks you.
You take 6 damage, and have 55/67 hp.
You now have 16/26 mp.
The searing ray hits something!
Reactivating autopickup.
You feel a bit more experienced.
You now have 15/26 mp.
You now have 14/26 mp.
You finish channelling your searing ray.
You now have 13/26 mp.
Are you sure you want to abandon this character and quit the game? (Confirm with "yes".)

####'##...........
#.....#...........
#.....#...........
#.....#...........
#.....#...........
#.....#......##.##
#.....#......# .#
#####.....#......#
#....@....#
#.....##.....
#.....##.####
#.$...# .. #.....#
... ........ .#
........( ######
......... #.....
#.####


There were no monsters in sight!

Vanquished Creatures
  Joseph (D:7)
  Maggie (D:6)
  Grinder (D:3)
  A steam dragon (D:7)
  A water moccasin (D:4)
  An orc warrior (D:7)
  A sky beast (D:7)
  A black bear (D:5)
  2 ice beasts
  A centaur (D:5)
  A phantom (D:5)
  A bullfrog (D:7)
  5 scorpions
  8 wights
  A howler monkey (D:6)
  2 hounds
  A jelly (D:6)
  2 orc priests (D:6)
  A gnoll bouda (D:6)
  7 iguanas
  6 orc wizards
  4 adders
  9 gnolls
  A shadow imp (D:6)
  2 white imps (D:7)
  An ufetubus (D:6)
  3 worms
  3 dart slugs
  18 orcs
  8 endoplasms
  3 giant cockroaches
  11 goblins
  11 hobgoblins
  4 jackals (D:3)
  7 quokkas
  5 ball pythons
  7 bats
  4 frilled lizards
  3 kobolds
  2 rats
152 creatures vanquished.

Vanquished Creatures (others)
  20 fulminant prisms
  2 plants (D:2)
22 creatures vanquished.

Grand Total: 174 creatures vanquished

Notes
Turn   | Place    | Note
-------+----------+-------------------------------------------
     0 | D:1      | Psyclone the Deep Elf Conjurer began the quest for the Orb.
     0 | D:1      | Reached XP level 1. HP: 10/10 MP: 6/6
   179 | D:1      | Found Yzuitol's Armour Boutique.
   272 | D:1      | Reached XP level 2. HP: 15/15 MP: 4/8
   763 | D:1      | Reached XP level 3. HP: 12/19 MP: 3/10
   878 | D:1      | Found a faded altar of an unknown god.
  1452 | D:2      | Learned a level 2 spell: Searing Ray
  2211 | D:3      | Reached XP level 4. HP: 24/24 MP: 9/11
  2250 | D:3      | Found Zin's Purification Station.
  2254 | D:3      | Found a glowing silver altar of Zin.
  2331 | D:3      | Found a shadowy altar of Dithmenos.
  2396 | D:3      | Reached skill level 4 in Spellcasting
  2480 | D:3      | Found a blossoming altar of Fedhas.
  2500 | D:3      | Noticed Grinder
  2509 | D:3      | Killed Grinder
  2510 | D:3      | Reached skill level 5 in Conjurations
  2510 | D:3      | Reached XP level 5. HP: 28/28 MP: 14/14
  2510 | D:3      | Reached XP level 6. HP: 32/32 MP: 15/15
  2510 | D:3      | Found a stormy altar of Qazlal.
  2635 | D:3      | Found a shimmering altar of Xom.
  2708 | D:3      | Reached skill level 5 in Spellcasting
  3809 | D:4      | Reached skill level 5 in Stealth
  3982 | D:4      | Noticed a water moccasin
  4019 | D:4      | Found a staircase to the Ecumenical Temple.
  4220 | Temple   | Entered the Ecumenical Temple
  4332 | D:4      | Killed a water moccasin
  4333 | D:4      | Reached skill level 5 in Dodging
  4826 | D:4      | Reached XP level 7. HP: 36/36 MP: 8/17
  4999 | D:4      | Learned a level 4 spell: Fulminant Prism
  5004 | D:4      | Reached skill level 9 in Spellcasting
  5004 | D:4      | Reached XP level 8. HP: 52/52 MP: 18/23
  5005 | D:4      | Reached XP level 9. HP: 56/56 MP: 18/24
  5034 | D:5      | Entered Level 5 of the Dungeon
  5086 | D:5      | Gained mutation: You are clumsy. (Dex -2) [potion of
                  | mutation]
  5086 | D:5      | Gained mutation: You are partially covered in iridescent
                  | scales. (AC +2) [potion of mutation]
  5087 | D:5      | Lost mutation: You are partially covered in iridescent
                  | scales. (AC +2) [potion of mutation]
  5087 | D:5      | Lost mutation: You are clumsy. (Dex -2) [potion of
                  | mutation]
  5087 | D:5      | Gained mutation: You are robust. (+10% HP) [potion of
                  | mutation]
  5087 | D:5      | Gained mutation: You have a pair of small horns on your
                  | head. [potion of mutation]
  6121 | D:6      | Learned a level 4 spell: Iskenderun's Mystic Blast
  6450 | D:6      | Noticed Maggie
  6592 | D:6      | Killed Maggie
  7335 | D:7      | Reached skill level 10 in Spellcasting
  7335 | D:7      | Reached XP level 10. HP: 67/67 MP: 17/26
  7771 | D:7      | Noticed Joseph
  7779 | D:7      | Killed Joseph
  8091 | D:7      | Found a white marble altar of Elyvilon.
  8092 | D:7      | Found an ancient bone altar of Kikubaaqudgha.
  8143 | D:7      | Quit the game

Illustrated notes

Levels and vault maps discovered:
D:1:      tarquinn_simple_flora_water_d, layout_basic,
          ebering_ecumenical_altar_abandoned, serial_shops, nicolae_shop_crystal
D:2:      minmay_spotlight, layout_loops_ring, st_stairs_10, corexii_shack,
          grunt_decor_junction
D:3:      layout_basic, grunt_temple_overflow_forces_of_nature,
          nicolae_dithmenos_shadow_blocks, xom_teletrap_fun, zin_purify,
          roderic_serpentine_path, minivault_14, minmay_misc_feat_more_columns,
          minivault_23, kennysheep_nub, uniq_grinder
D:4:      layout_layer_cave, temple_fountains, hangedman_decor_push,
          feat_on_display
D:5:      layout_basic, corexii_hall_statues_x
D:6:      layout_rooms, uniq_maggie
D:7:      layout_basic, pf_just_have_faith, mainiacjoe_overflow_divided_tiny,
          nicolae_benzene_ring, st_stairs_8, serial_park_tiny_2,
          dreamdust_princess_corridor, uniq_joseph
Temple:   nicolae_temple_x_marks_the_god

Skill      XL: |  1  2  3  4  5  6  7  8  9 |
---------------+----------------------------+-----
Stealth        | 3 4 5 6 |  6.7
Dodging        | 3 4 5 8 9 |  9.2
Spellcasting   | 4 5 9 10 | 10.2
Conjurations   | 5 8 9 |  9.3
Fighting       | 6 |  6.5
Staves         | 9 |  9.2

Action                   |  1- 3 |  4- 6 |  7- 9 | 10-12 || total
-------------------------+-------+-------+-------+-------++-------
Melee: Dagger            |     1 |     3 |       |       ||     4
 Cast: Magic Dart        |    76 |    55 |    75 |    42 ||   248
       Searing Ray       |     4 |    10 |    23 |    10 ||    47
       Fulminant Prism   |       |       |    16 |     4 ||    20
Evoke: Wand              |       |     5 |       |       ||     5
  Use: Potion            |       |       |     7 |       ||     7
       Scroll            |       |       |    14 |       ||    14
 Stab: Paralysed         |       |     3 |       |       ||     3
Armor: Robe              |     1 |     1 |     4 |     5 ||    11
Dodge: Dodged            |     3 |     4 |    36 |    13 ||    56
